 Dungeon Crawl Stone Soup version 0.29-a0-367-gc2b5878c41 (webtiles) character file.

Game seed: 7662335491688518030

56167 Ge0ff the Thaumaturge (level 15, 0/106 HPs)
             Began as a Djinni Monk on May 1, 2022.
             Slain by a vampire mosquito (4 damage)
             ... on level 6 of the Lair of Beasts.
             The game lasted 01:04:19 (30928 turns).

Ge0ff the Thaumaturge (Djinni Monk)                Turns: 30928, Time: 01:04:20

Health: 0/106      AC:  8    Str: 10    XL:     15   Next: 21%
Gold:   936        EV: 13    Int: 36    God:
                   SH:  7    Dex: 18

rFire   + + .      SeeInvis .   a - +4 dagger (venom)
rCold   x . .      Faith    .   C - +2 buckler {reflect}
rNeg    . . .      Spirit   .   x - +1 leather armour of the Goldsmith {Int+7}
rPois   ∞          Reflect  +   U - +2 hat
rElec   .          Harm     .   R - +0 cloak
rCorr   .          Rampage  .   (no gloves)
Will    +....                   (boots unavailable)
Stlth   ++........              l - amulet of the acrobat
HPRegen 0.27/turn               S - +6 ring of intelligence {=R}
MPRegen 0.00/turn               E - +6 ring of intelligence

@: marked, flying, invisible
A: sickness immunity, fire resistance 2, cold vulnerability 1, float, innate
caster, HP casting, extra vitality 1
a: no special abilities


You were on level 6 of the Lair of Beasts.
You visited 3 branches of the dungeon, and saw 19 of its levels.
You also visited: Bailey.

You collected 1211 gold pieces.
You spent 275 gold pieces at shops.

Inventory:

Hand Weapons
 a - a +4 dagger of venom (weapon)
 b - a +1 short sword of holy wrath
Missiles
 c - a datura-tipped dart {=F}
 g - 2 throwing nets {=F}
 t - 59 poisoned darts (quivered)
 v - 5 curare-tipped darts {=F}
 B - 5 javelins
 G - 15 boomerangs
Armour
 n - a +2 leather armour of cold resistance
 x - the +1 leather armour of the Goldsmith (worn) {Int+7}
   (You found it on level 8 of the Dungeon)

   Int:       It affects your intelligence (+7).
 C - a +2 buckler of reflection (worn)
 K - a +0 troll leather armour
 O - a +0 leather armour
 R - a +0 cloak (worn)
 U - a +2 hat (worn)
 Y - +0 swamp dragon scales
Magical Staves
 h - a staff of air
 r - a staff of conjuration
Jewellery
 i - a +4 ring of protection
 l - an amulet of the acrobat (around neck)
 w - a ring of willpower
 D - a +4 ring of evasion
 E - a +6 ring of intelligence (right hand)
 F - a ring of protection from cold
 S - a +6 ring of intelligence (left hand) {=R}
Wands
 d - a wand of digging (9)
 e - a wand of charming (11)
 f - a wand of flame (22)
 j - a wand of acid (4)
 k - a wand of iceblast (7)
 p - a wand of paralysis (11)
 s - a wand of mindburst (6)
 P - a wand of polymorph (4)
Scrolls
 m - 3 scrolls of magic mapping
 u - a scroll of holy word
 y - 2 scrolls of immolation
 J - a scroll of enchant armour
 T - 4 scrolls of teleportation
 V - a scroll of vulnerability
Potions
 o - 2 potions of ambrosia
 q - 6 potions of curing
 z - 3 potions of brilliance
 A - 5 potions of attraction
 H - 4 potions of haste {!q}
 L - a potion of lignification
 M - 4 potions of might
 N - 3 potions of cancellation {!q}
 Q - 4 potions of mutation {!q}
 W - 2 potions of heal wounds {!q}
 Z - a potion of berserk rage {!q}


   Skills:
 + Level 9.4 Fighting
 - Level 5.0 Short Blades
 + Level 5.1 Throwing
 - Level 7.0 Armour
 - Level 5.0 Dodging
 - Level 3.0 Stealth
 - Level 4.0 Shields
 + Level 14.9 Spellcasting
 - Level 8.0 Evocations


You had 20 spell levels left.
You knew the following spells:

 Your Spells              Type           Power      Damage    Failure   Level
k - Shock                 Conj/Air       100%       1d9       0%          1
m - Eringya's Noxious Bo  Tmut/Pois      47%        N/A       1%          6
s - Anguish               Hex/Necr       47%        N/A       1%          4
C - Stone Arrow           Conj/Erth      100%       3d13      0%          3
E - Static Discharge      Conj/Air       94%        N/A       0%          2
F - Summon Forest         Summ/Tloc      47%        N/A       1%          5
S - Wereblood             Tmut           94%        N/A       0%          2
Your spell library was empty.

Dungeon Overview and Level Annotations

Branches:
Dungeon (12/15)            Temple (1/1) D:5            Lair (6/6) D:11
 Shoals (0/4) Lair:3       Spider (0/4) Lair:3        Slime (0/5) Lair:5
    Orc (0/2) D:9          Bailey (visited)

Altars:
Ashenzari
Cheibriados
Dithmenos
Elyvilon
Fedhas
Gozag
Hepliaklqana
Kikubaaqudgha
Makhleb
Nemelex Xobeh
Okawaru
Qazlal
Ru
Sif Muna
Trog
Uskayaw
Vehumet
Wu Jian
Xom
Yredelemnul
Zin
The Shining One
Jiyva

Shops:
D:3 (   D:5 =((   D:7 (   D:12 *

Portals:
Abyss: D:11

Annotations:
D:11 2 transporters, Opifex's ghost, journeyman DjCj
Lair:4 1 runed translucent door (25 dam ghost), Awagaup's ghost, journeyman DsVM
Lair:6 3 runed translucent doors (39 dam ghost), exclusion: 3 doors, Ifiufoph's ghost, journeyman DgFi; Kaijucki's ghost, journeyman FoAK; Nimeacs's ghost, journeyman GnHu; Zoarphipi's ghost, journeyman DsBe


Innate Abilities, Weirdness & Mutations

You are immune to sickness and miasma.
You are immune to poison.
Your flesh is very heat resistant. (rF++)
You are vulnerable to cold. (rC-)
You float through the air rather than walking.
You learn spells naturally, not from books.
Your magical power is your life essence.
You have superior vitality. (+4 MHP)


Message History

The elephant tramples the swamp dragon!
The swamp dragon holds its ground!
The elephant trunk-slaps the swamp dragon.
The blink frog misses the wolf.
The blink frog completely misses itself.
The wolf closely misses the vampire mosquito.
The vampire mosquito bites you but does no damage.
The vampire mosquito bites you. The water moccasin bites you.
* * * LOW HITPOINT WARNING * * *
The elephant tramples you!
* * * LOW HITPOINT WARNING * * *
You hold your ground!
The elephant trunk-slaps you but does no damage.
A vampire mosquito comes into view.
The wolf completely misses the blink frog.
The vampire mosquito bites you!
* * * LOW HITPOINT WARNING * * *
The elephant barely misses the wolf.
The elephant misses the wolf.
A water moccasin comes into view.
The water moccasin bites you but does no damage.
You turn to flesh and can move again.
Really quaff
W - 3 potions of heal wounds {!q}?
You feel much better. The vampire mosquito bites you!
* * * LOW HITPOINT WARNING * * *
The vampire mosquito bites you.
* * * LOW HITPOINT WARNING * * *
The vampire mosquito closely misses you.
The wolf barely misses the wolf.
The blink frog closely misses the basilisk.
You block the elephant's attack. The elephant trunk-slaps you.
* * * LOW HITPOINT WARNING * * *
The elephant tramples the swamp dragon!
The swamp dragon holds its ground!
The elephant completely misses the swamp dragon.
The vampire mosquito misses you. The water moccasin closely misses you.
The vampire mosquito closely misses you.
The vampire mosquito barely misses you.
The wolf misses the wolf.
The blink frog hits the swamp dragon!
You fade into invisibility!
The vampire mosquito bites you!
* * * LOW HITPOINT WARNING * * *
The vampire mosquito bites you.
* * * LOW HITPOINT WARNING * * *
The vampire mosquito closely misses you.
The wolf bites the wolf.
The water moccasin misses you.
The swamp drake bites the plant.
The plant begins to die.
The elephant tramples you but does no damage.
You block the elephant's attack.
The blink frog hits the basilisk!
The basilisk dies!
You block the vampire mosquito's attack.
The vampire mosquito barely misses you. The vampire mosquito bites you.
You die...

#.............#........P........#
##........................##...##
##.....................#.#.#
.......#P..............#####
......##.........<.....#
.....####.....#P.P.....##. .....#
.....######F###.... .....#
....#P###Y##....... ..#..#
#.ky@SYYYl...... #.YyyYyYh.......
##.hDF.hh........


#SyhhFhYY...P.. #.hY.hF..#.P... ..S..F......#P... .............#.....
.##.###.........#.. #.# #........... You could see 10 elephants, a swamp dragon
(can't see you), a polar bear (can't see you), a komodo dragon (can't see you),
5 blink frogs, a swamp drake (can't see you), 3 water moccasins, 5 vampire
mosquitoes and 8 wolves.

Vanquished Creatures
  Gastronok (Lair:2)
  6 hydras
  3 boulder beetles
  An ogre mage (D:10)
  A two-headed ogre (D:11)
  3 centaur warriors (D:10)
  An alligator (Lair:6)
  A tengu warrior (D:10)
  Sonja (Lair:2)
  An orc knight (Bailey)
  4 ugly things
  A deep elf zephyrmancer (Bailey)
  2 cyclopes
  3 manticores
  4 black mambas
  3 elephants (Lair:5)
  Maurice (D:8)
  15 cane toads
  Joseph (D:8)
  A gargoyle (D:11)
  Maggie (D:6)
  5 kobold demonologists
  A rime drake (Lair:3)
  A torpor snail (Lair:5)
  8 komodo dragons
  3 unseen horrors
  An efreet (D:10)
  A hornet (D:8)
  A polar bear (Lair:5)
  4 trolls
  Grinder (D:3)
  11 dream sheep
  8 blink frogs
  A snapping turtle (Lair:3)
  A jumping spider (Lair:3)
  52 yaks
  8 wyverns
  Grum (Lair:1)
  5 basilisks
  2 steam dragons
  An acid dragon (D:12)
  15 water moccasins
  Duvessa (D:7)
  2 ice beasts
  A sky beast (D:7)
  13 orc warriors
  4 wolves
  3 ogres
  4 centaurs
  A phantom (D:6)
  5 kobold brigands
  4 necrophages
  8 bullfrogs
  3 scorpions
  9 wights
  Dowan (D:7)
  11 killer bees
  4 howler monkeys
  8 electric eels (D:6)
  A centaur zombie (D:9)
  5 hounds
  A jelly (D:7)
  9 orc priests
  3 gnoll shamans
  4 iguanas
  13 orc wizards
  4 hell rats (Lair:4)
  A mummy (D:9)
  15 gnolls
  7 adders
  A white imp (D:6)
  4 ufetubi
  3 worms
  A dart slug (D:1)
  58 orcs
  6 ball pythons
  5 endoplasms
  12 goblins
  7 hobgoblins
  7 jackals
  7 quokkas
  3 training dummies (D:7)
  4 bats
  2 frilled lizards
  28 kobolds
  5 rats
484 creatures vanquished.

Vanquished Creatures (collateral kills)
  A hydra (Lair:2)
  An elephant (Lair:5)
  A kobold demonologist (D:12)
  A polar bear (Lair:5)
  10 slime creatures (D:12)
  7 yaks
  5 wolves (Lair:4)
  A kobold brigand (D:12)
  2 kobolds (D:12)
29 creatures vanquished.

Vanquished Creatures (others)
  An elephant (Lair:5)
  A basilisk (Lair:6)
  5 bushes
  40 fungi
  96 plants
  A snaplasher vine (D:12)
  3 withered plants (D:9)
147 creatures vanquished.

Grand Total: 660 creatures vanquished

Notes
Turn   | Place    | Note
-------+----------+-------------------------------------------
     0 | D:1      | Ge0ff the Djinni Monk began the quest for the Orb.
     0 | D:1      | Reached XP level 1. HP: 20/20 MP: 0/0
   180 | D:1      | Reached XP level 2. HP: 18/25 MP: 0/0
   628 | D:1      | Reached XP level 3. HP: 30/30 MP: 0/0
   628 | D:1      | Learned a level 1 spell: Shock
  1328 | D:2      | HP: 1/30 [worm (9)]
  1900 | D:2      | Reached skill level 1 in Spellcasting
  2359 | D:2      | Reached XP level 4. HP: 26/35 MP: 0/0
  3416 | D:3      | Identified the +1 spear of Beyond {freeze, rF++}
  3480 | D:3      | Noticed an ogre
  3559 | D:3      | Noticed a scorpion
  3566 | D:3      | Found Zironivo's Weapon Shoppe.
  3572 | D:3      | Killed a scorpion
  3573 | D:3      | Reached skill level 2 in Spellcasting
  3573 | D:3      | Reached XP level 5. HP: 22/40 MP: 0/0
  3573 | D:3      | Learned a level 2 spell: Wereblood
  3711 | D:3      | Noticed Grinder
  3917 | D:3      | You are sucked into a shaft and drop 2 floors!
  3917 | D:5      | Entered Level 5 of the Dungeon
  3917 | D:5      | Found an iron altar of Okawaru.
  3943 | D:5      | Reached skill level 3 in Spellcasting
  3943 | D:5      | Reached skill level 1 in Armour
  3943 | D:5      | Reached XP level 6. HP: 41/46 MP: 0/0
  3951 | D:5      | Noticed an ice beast
  3974 | D:5      | Killed an ice beast
  3975 | D:5      | Reached skill level 1 in Evocations
  4135 | D:5      | Reached XP level 7. HP: 13/50 MP: 0/0
  4135 | D:5      | Learned a level 2 spell: Static Discharge
  4406 | D:5      | Found Xomirech's Weapon Boutique.
  4428 | D:5      | Found a staircase to the Ecumenical Temple.
  4476 | D:5      | Reached skill level 4 in Spellcasting
  4500 | Temple   | Entered the Ecumenical Temple
  5532 | D:3      | Killed Grinder
  5533 | D:3      | Reached skill level 5 in Spellcasting
  5533 | D:3      | Reached XP level 8. HP: 49/56 MP: 0/0
  6663 | D:5      | Reached skill level 5 in Short Blades
  7054 | D:5      | Found Ruwoj's Jewellery Boutique.
  7237 | D:5      | Found Ser Gamiqe's Antique Weapon Shoppe.
  7434 | D:5      | Reached skill level 6 in Spellcasting
  7833 | D:5      | Bought a ring of willpower for 275 gold pieces
  8089 | D:6      | Reached XP level 9. HP: 45/60 MP: 0/0
  8089 | D:6      | Learned a level 3 spell: Stone Arrow
  8220 | D:6      | Noticed Maggie
  8230 | D:6      | Killed Maggie
  8231 | D:6      | Reached skill level 7 in Spellcasting
  9601 | D:7      | Noticed Dowan
  9603 | D:7      | Noticed Duvessa
  9605 | D:7      | Killed Dowan
  9607 | D:7      | Killed Duvessa
  9770 | D:7      | Found a flagged portal.
  9910 | Bailey   | Entered a bailey
 10220 | Bailey   | Reached skill level 8 in Spellcasting
 10252 | Bailey   | Noticed an orc knight
 10283 | Bailey   | Reached XP level 10. HP: 39/67 MP: 0/0
 10310 | Bailey   | Killed an orc knight
 10311 | Bailey   | Reached skill level 5 in Evocations
 10637 | Bailey   | Found a large runed translucent door.
 10637 | Bailey   | Found a large runed translucent door.
 10638 | Bailey   | Noticed a deep elf zephyrmancer
 10676 | Bailey   | Killed a deep elf zephyrmancer
 10677 | Bailey   | Reached skill level 9 in Spellcasting
 10929 | D:7      | Found Nim Elih's Firing Range.
 11198 | D:7      | Reached skill level 1 in Shields
 12167 | D:8      | Identified the +1 leather armour of the Goldsmith {Int+7}
 12440 | D:8      | Noticed Maurice
 12445 | D:8      | Killed Maurice
 12446 | D:8      | Reached XP level 11. HP: 54/71 MP: 0/0
 12446 | D:8      | Learned a level 4 spell: Anguish
 13102 | D:8      | Reached skill level 10 in Spellcasting
 13126 | D:8      | Noticed Joseph
 13132 | D:8      | Killed Joseph
 13591 | D:9      | Found a staircase to the Orcish Mines.
 13739 | D:9      | Found a white marble altar of Elyvilon.
 14289 | D:9      | Reached skill level 11 in Spellcasting
 14795 | D:9      | Noticed a cyclops
 14800 | D:9      | Killed a cyclops
 15987 | D:10     | Entered Level 10 of the Dungeon
 15987 | D:10     | Noticed a manticore
 15994 | D:10     | Killed a manticore
 16163 | D:10     | Noticed a centaur warrior
 16163 | D:10     | Noticed a manticore
 16163 | D:10     | Noticed a brown ugly thing
 16163 | D:10     | Noticed a centaur warrior
 16163 | D:10     | Noticed a tengu warrior
 16163 | D:10     | Noticed a centaur warrior
 16163 | D:10     | Noticed a boulder beetle
 16164 | D:10     | Noticed a cyan ugly thing
 16164 | D:10     | Noticed a brown ugly thing
 16166 | D:10     | Noticed an ogre mage
 16167 | D:10     | Killed a boulder beetle
 16167 | D:10     | Killed a centaur warrior
 16167 | D:10     | Killed a centaur warrior
 16167 | D:10     | Noticed a seven-headed hydra
 16168 | D:10     | Reached XP level 12. HP: 78/78 MP: 0/0
 16519 | D:10     | Killed an ogre mage
 16520 | D:10     | Reached skill level 12 in Spellcasting
 16522 | D:10     | Killed a centaur warrior
 16594 | D:10     | Killed a seven-headed hydra
 16961 | D:10     | Killed a tengu warrior
 16980 | D:10     | Reached skill level 5 in Fighting
 17239 | D:10     | Reached skill level 5 in Armour
 18371 | D:11     | Noticed a hell hog
 18395 | D:11     | Found a one-way gate to the infinite horrors of the Abyss.
 18682 | D:11     | Found a transporter.
 18684 | D:11     | Found a transporter.
 18890 | D:11     | Reached XP level 13. HP: 34/88 MP: 0/0
 18890 | D:11     | Learned a level 5 spell: Summon Forest
 19351 | D:11     | Found a staircase to the Lair.
 19697 | D:11     | Noticed Opifex's ghost (journeyman DjCj)
 20113 | D:11     | Reached skill level 13 in Spellcasting
 20805 | D:12     | Noticed a five-headed hydra
 20814 | D:12     | Killed a five-headed hydra
 20853 | D:12     | Found Irghu's General Store.
 21304 | D:12     | Noticed a boulder beetle
 21337 | D:12     | Killed a boulder beetle
 21453 | D:12     | Noticed a boulder beetle
 21459 | D:12     | Killed a boulder beetle
 21491 | D:12     | Reached skill level 14 in Spellcasting
 21770 | Lair:1   | Entered Level 1 of the Lair of Beasts
 22119 | Lair:1   | Noticed Grum
 22172 | Lair:1   | Killed Grum
 22518 | Lair:1   | Reached skill level 1 in Throwing
 23256 | Lair:1   | Reached XP level 14. HP: 85/96 MP: 0/0
 23822 | Lair:2   | Noticed Sonja
 23826 | Lair:2   | Killed Sonja
 24221 | Lair:2   | Noticed Gastronok
 24527 | Lair:2   | Reached skill level 5 in Dodging
 25334 | Lair:2   | Killed Gastronok
 25523 | Lair:3   | Found a hole to the Spider Nest.
 26429 | Lair:3   | Found a staircase to the Shoals.
 28111 | Lair:4   | Found a runed translucent door.
 28342 | Lair:4   | Noticed Awagaup's ghost (journeyman DsVM)
 29506 | Lair:5   | Reached XP level 15. HP: 73/104 MP: 0/0
 29506 | Lair:5   | Learned a level 6 spell: Eringya's Noxious Bog
 30339 | Lair:5   | Found a viscous altar of Jiyva.
 30339 | Lair:5   | Found a staircase to the Slime Pits.
 30353 | Lair:5   | Reached skill level 5 in Throwing
 30757 | Lair:6   | Entered Level 6 of the Lair of Beasts
 30784 | Lair:6   | Found a runed translucent gate.
 30784 | Lair:6   | Found a runed translucent gate.
 30792 | Lair:6   | Found a runed translucent gate.
 30796 | Lair:6   | Noticed Zoarphipi's ghost (journeyman DsBe)
 30797 | Lair:6   | Noticed Kaijucki's ghost (journeyman FoAK)
 30797 | Lair:6   | Noticed Ifiufoph's ghost (journeyman DgFi)
 30797 | Lair:6   | Noticed Nimeacs's ghost (journeyman GnHu)
 30928 | Lair:6   | HP: 4/106 [vampire mosquito (4)]
 30928 | Lair:6   | Slain by a vampire mosquito

Illustrated notes

Levels and vault maps discovered:
D:1:      heliophobic_arrival_battle_scene, layout_rooms, serial_rivers,
          chequers_serial_rivers_large_a, chequers_serial_rivers_small_b,
          chequers_serial_rivers_large_b, chequers_serial_rivers_micro_d,
          chequers_serial_rivers_small_b, chequers_serial_rivers_marsh
D:2:      layout_basic, lemuel_another_geyser
D:3:      layout_loops_ring, serial_shops, shop, uniq_grinder
D:4:      layout_basic
D:5:      layout_basic, minmay_temple_entry_glass, serial_shops,
          nicolae_shop_behind_doors, nicolae_diamond_shop,
          kennysheep_little_box, minmay_ruined_shrine
D:6:      layout_cave_pools, serial_bayou, serial_bayou_lagoon_b,
          serial_bayou_shore_a, serial_bayou_lagoon_a, serial_bayou_shore_b,
          nicolae_elevator_lobby_plus, uniq_maggie
D:7:      layout_loops_corners, enter_bailey_7, minivault_19, grunt_ogre_cave,
          dk_noncrumbling_3, minmay_misc_feat_cross, nicolae_shop_firing_range,
          uniq_duvessa
D:8:      layout_loops_cross, uniq_joseph, uniq_maurice
D:9:      layout_long_grid, mainiacjoe_overflow_small_starburst, orc_david_3,
          serial_undead, serial_undead_c, serial_undead_c, serial_undead_b,
          serial_undead_c, serial_undead_a
D:10:     layout_rooms, minivault_28
D:11:     layout_stronghold, minmay_lair_entry_grove,
          gammafunk_ghost_abyssal_escape, minmay_misc_feat_square,
          grunt_decor_cap
D:12:     layout_rooms, serial_shops, nicolae_shop_trees, hive_lemuel
Temple:   grunt_wide_crystal_templ
Lair:1:   wander_river, layout_layer_cave, infiniplex_staircase_pool_2,
          uniq_grum
Lair:2:   layout_loops_ring, uniq_sonja, uniq_gastronok
Lair:3:   layout_small_grid, minmay_shoals_entry_hut, spider_nest_entry_a,
          infiniplex_staircase_pool
Lair:4:   layout_loops_ring, ebering_ghost_reflecting_pool, grunt_megastairs_1
Lair:5:   layout_roguey, slime_altar_1, beast_lair_carwin_7
Lair:6:   grunt_lair_end_beastmaster, layout_cellular_growth,
          gammafunk_ghost_cemetery, pond

Skill      XL: |  1  2  3  4  5  6  7  8  9 10 11 12 13 14 15 |
---------------+----------------------------------------------+-----
Short Blades   | 3 4 5 |  5.0
Spellcasting   | 1 2 3 5 6 8 9 11 12 14 | 14.9
Armour         | 1 3 5 7 |  7.0
Evocations     | 2 4 5 7 8 |  8.0
Stealth        | 2 3 |  3.0
Shields        | 3 4 |  4.0
Fighting       | 6 7 8 9 |  9.4
Dodging        | 4 5 |  5.0
Throwing       | 1 4 5 |  5.1

Action                   |  1- 3 |  4- 6 |  7- 9 | 10-12 | 13-15 || total
-------------------------+-------+-------+-------+-------+-------++-------
Melee: Short sword       |   110 |       |     7 |    11 |       ||   128
       Dagger            |     4 |    60 |    52 |    67 |    70 ||   253
       Punch             |     1 |     1 |     1 |       |       ||     3
Throw: Stone             |     3 |       |       |       |       ||     3
       Boomerang         |       |       |     5 |     2 |       ||     7
       Dart              |       |       |       |    16 |     5 ||    21
       Throwing net      |       |       |       |     3 |     2 ||     5
 Cast: Shock             |    25 |    21 |   194 |   163 |   119 ||   522
       Static Discharge  |       |       |     8 |    35 |    65 ||   108
       Stone Arrow       |       |       |    21 |   141 |   160 ||   322
       Summon Forest     |       |       |       |       |    13 ||    13
       Anguish           |       |       |       |       |    10 ||    10
       Eringya's Noxious |       |       |       |       |    10 ||    10
Evoke: Wand              |       |    17 |     9 |    17 |     9 ||    52
  Use: Scroll            |       |     2 |     8 |    10 |     6 ||    26
       Potion            |       |     1 |     3 |     8 |     4 ||    16
 Stab: Sleeping          |     3 |     4 |     5 |     5 |     5 ||    22
       Paralysed         |       |       |     4 |     2 |     5 ||    11
       Invisible         |       |       |       |     4 |       ||     4
       Held in net/web   |       |       |       |     3 |     3 ||     6
       Distracted        |       |       |       |       |     2 ||     2
Armor: Robe              |    13 |     4 |     2 |       |       ||    19
       Skin              |       |       |     4 |       |       ||     4
       Leather armour    |       |       |       |    18 |    60 ||    78
Dodge: Dodged            |    74 |    17 |    32 |    86 |   131 ||   340
Block: Buckler           |       |       |       |    43 |    59 ||   102
       Reflection        |       |       |       |     9 |     3 ||    12

Table legend: (Time is in decaauts)
 A = Elapsed time spent in this place.
 B = Non-inter-level travel time spent in this place.
 C = Inter-level travel time spent in this place.
 D = Time resting spent in this place.
 E = Time spent auto-exploring this place.
 F = Levels seen in this place.
 G = Mean time per level.
                   A        B        C        D        E       F      G
               +--------+--------+--------+--------+--------+-----+--------+
         Total |  30831 |  29612 |   1219 |   3688 |  21692 |  20 | 1541.6 |
       Dungeon |  20942 |  19991 |    951 |   3251 |  13724 |  12 | 1745.2 |
        Temple |     71 |     61 |     10 |      0 |     46 |   1 |   71.0 |
          Lair |   8948 |   8691 |    257 |     55 |   7643 |   6 | 1491.3 |
        Bailey |    869 |    869 |      0 |    382 |    278 |   1 |  869.0 |
               +--------+--------+--------+--------+--------+-----+--------+

Top non-repeatable levels by time:
     D:9: 3371 daAuts
    D:11: 2706 daAuts
  Lair:5: 2272 daAuts
     D:5: 2200 daAuts
  Lair:1: 2076 daAuts
  Lair:3: 1799 daAuts
     D:2: 1720 daAuts
     D:6: 1710 daAuts
     D:1: 1566 daAuts
     D:8: 1520 daAuts
     D:3: 1493 daAuts
    D:10: 1492 daAuts
  Lair:2: 1482 daAuts
     D:7: 1473 daAuts
  Lair:4: 1145 daAuts
